 Dungeon Crawl Stone Soup version 0.21.1-1-g345015fe64 (webtiles) character file.

8 Ivernyr the Charmwright (level 2, 0/22 HPs)
             Began as a Demonspawn Skald on Apr 25, 2018.
             Slain by a giant cockroach (1 damage)
             ... on level 1 of the Dungeon.
             The game lasted 00:00:50 (388 turns).

Ivernyr the Charmwright (Demonspawn Skald)           Turns: 388, Time: 00:00:51

Health: 0/22       AC:  3    Str: 11    XL:     2   Next: 0%
Magic:  2/5        EV: 11    Int: 14    God:
Gold:   24         SH:  0    Dex: 12    Spells: 4/5 levels left

rFire    . . .     SeeInvis .   a - +0 falchion
rCold    . . .     Gourm    .   (no shield)
rNeg     . . .     Faith    .   b - +0 leather armour
rPois    .         Spirit   .   (no helmet)
rElec    .         Reflect  .   (no cloak)
rCorr    .         Harm     .   (no gloves)
MR       .....                  (no boots)
Stlth    +.........             (no amulet)
HPRegen  0.07/turn              (no ring)
MPRegen  0.09/turn              (no ring)

@: no status effects
A: powered by pain 1
a: no special abilities


You were on level 1 of the Dungeon.
You were not hungry.

You visited 1 branch of the dungeon, and saw 1 of its levels.

You collected 24 gold pieces.

Inventory:

Hand Weapons
 a - a +0 falchion (weapon)
Armour
 b - a +0 leather armour (worn)
Scrolls
 f - a scroll of identify {unknown}
Books
 c - a book of Battle

   Spells                             Type                      Level
   a - Infusion                       Charms                       1
   b - Shroud of Golubria             Charms/Translocation         2
   c - Song of Slaying                Charms                       2
   d - Spectral Weapon                Hexes/Charms                 3
   e - Regeneration                   Charms/Necromancy            3
Comestibles
 d - 2 rations


   Skills:
 + Level 2.1 Fighting
 + Level 1.9 Long Blades
 * Level 1.3 Armour
 - Level 1.7 Dodging
 - Level 2.0 Spellcasting
 + Level 2.8 Charms


You had 4 spell levels left.
You knew the following spells:

 Your Spells              Type           Power        Failure   Level  Hunger
a - Infusion              Chrm           #...         10%         1    ##.....


Dungeon Overview and Level Annotations

Branches:
Dungeon (1/15)

Altars:


Innate Abilities, Weirdness & Mutations

You sometimes gain a little power by taking damage.


Message History

The ball python constricts you. The hobgoblin hits you with a club.
You closely miss the ball python. The ball python bites you.
The ball python constricts you. The hobgoblin hits you with a club.
You closely miss the ball python. The ball python barely misses you.
You riposte.
You closely miss the ball python. The ball python constricts you.
The giant cockroach bites you. The ball python bites you.
The ball python constricts you. The hobgoblin hits you with a club.
* * * LOW HITPOINT WARNING * * *
The frilled lizard bites you but does no damage.
The giant cockroach closely misses you.
You escape the ball python's grasp.
The giant cockroach bites you.
* * * LOW HITPOINT WARNING * * *
The frilled lizard bites you.
* * * LOW HITPOINT WARNING * * *
There is an open door here.
You barely miss the frilled lizard.
The giant cockroach bites you but does no damage.
The frilled lizard bites you but does no damage.
The giant cockroach bites you.
You die...

..# #...#....#
#........######
#...##.........
###########.........
........."..........
...########.........
##..###### ##.#
####@#########
#...lsS......#
#..$g........#
#............#
#............#
+............#
#............#
#............#
#............#


You could see a giant cockroach, a hobgoblin, a ball python and a frilled
lizard.

Vanquished Creatures
  A dart slug (D:1)
  2 hobgoblins (D:1)
  A bat (D:1)
  A goblin (D:1)
  2 rats (D:1)
7 creatures vanquished.

Notes
Turn   | Place    | Note
-------+----------+-------------------------------------------
     0 | D:1      | Ivernyr the Demonspawn Skald began the quest for the Orb.
     0 | D:1      | Reached XP level 1. HP: 16/16 MP: 3/3
    26 | D:1      | Reached skill level 1 in Armour
   352 | D:1      | Gained mutation: You sometimes gain a little power by taking damage. [demonic ancestry]
   352 | D:1      | Reached XP level 2. HP: 22/22 MP: 5/5
   386 | D:1      | HP: 1/22 [frilled lizard (2)]
   388 | D:1      | Slain by a giant cockroach

Skill      XL: |  1 |
---------------+----+-----
Armour         | 1 |  1.3
Fighting       | |  2.1
Long Blades    | |  1.9
Dodging        | |  1.7
Spellcasting   | |  2.0
Charms         | |  2.8

Action                   || total
-------------------------++-------
Melee: Falchion          ||    25
Armor: Leather armour    ||     9
Dodge: Dodged            ||    20
       Rpst.: Falchion   ||     4
